 Dungeon Crawl Stone Soup version 0.17-a0-913-g36eb389 (webtiles) character file.

87446 hornqvist the Peltast (level 16, -5/104 HPs)
             Began as a Formicid Fighter on May 3, 2015.
             Was an Initiate of Gozag.
             Slain by a skeletal warrior
             ... wielding a +0 halberd
              (23 damage)
             ... on level 15 of the Dungeon.
             The game lasted 00:34:15 (23923 turns).

hornqvist the Peltast (Formicid Fighter)           Turns: 23923, Time: 00:34:15

Health: -5/104     AC: 19    Str: 33    XL:     16   Next: 37%
Magic:  16/16      EV: 23    Int:  8    God:    Gozag
Gold:   2282       SH: 24    Dex: 20    Spells: 0 memorised, 15 levels left

rFire  + + .     SeeInvis +     d - +6 executioner's axe (freeze)
rCold  + . .     Clarity  .     U - +5 chain mail "Desa" {rF+ rC+ Str+3}
rNeg   . . .     SustAb   .     B - +0 large shield
rPois  .         Gourm    .     (helmet unavailable)
rElec  +         Spirit   .     r - +0 cloak
rCorr  .         Warding  .     N - +1 pair of gloves "Puhiyxze" {rElec rF+ Str+4}
rMut   .         Stasis   +     (no boots)
MR     +....                    f - amulet of regeneration
Stlth  ..........               J - +2 ring of protection
                                a - +3 ring of dexterity

@: agile, flying, invisible, somewhat resistant to hostile enchantments,
extremely unstealthy
A: permanent stasis, dig shafts and tunnels, four strong arms, antennae 3,
breathe flames 1
a: Dig, Shaft Self, Potion Petition, Call Merchant, Bribe Branch, Renounce
Religion, Breathe Fire


You were on level 15 of the Dungeon.
You worshipped Gozag.
Gozag was noncommittal.
You were not hungry.

You visited 4 branches of the dungeon, and saw 27 of its levels.
You also visited: Labyrinth.

You collected 8858 gold pieces.
You spent 65 gold pieces at shops.
You paid 6511 gold pieces to Gozag.

Inventory:

Hand weapons
 d - a +6 executioner's axe of freezing (weapon)
 k - the +9 morningstar of Turmoil {crush, rF+ Int+4}
   (You found it on level 8 of the Dungeon)

   It inflicts extra damage upon your enemies.
   It affects your intelligence (+4).
   It protects you from fire.
 T - the +3 dire flail of Hyrr {speed, rC++ Int-5 Dex+4}
   (You found it on level 3 of the Lair of Beasts)

   Attacks with this weapon are significantly faster.
   It affects your intelligence (-5).
   It affects your dexterity (+4).
   It greatly protects you from cold.
Armour
 r - a +0 cloak (worn)
 B - a +0 large shield (worn)
 N - the +1 pair of gloves "Puhiyxze" (worn) {rElec rF+ Str+4}
   (You found it on level 9 of the Dungeon)

   It affects your strength (+4).
   It protects you from fire.
   It insulates you from electricity.
 U - the +5 chain mail "Desa" (worn) {rF+ rC+ Str+3}
   (You found it on level 11 of the Dungeon)

   It affects your strength (+3).
   It protects you from fire.
   It protects you from cold.
Jewellery
 a - a +3 ring of dexterity (left hand)
 f - an amulet of regeneration (around neck)
 w - an uncursed amulet of faith
 D - an uncursed ring of positive energy
 H - an uncursed ring of protection from magic
 J - a +2 ring of protection (right hand)
 Q - an uncursed ring of ice
 Z - an uncursed ring of protection from magic
Magical devices
 h - a wand of slowing (23)
 p - a wand of confusion (23)
Scrolls
 b - a scroll of silence
 i - 3 scrolls of enchant armour
 o - 2 scrolls of identify
 x - a scroll of magic mapping
 C - 13 scrolls of remove curse
 E - 4 scrolls of fog
 F - 7 scrolls of amnesia
 K - 3 scrolls of recharging
Potions
 c - a potion of resistance
 g - a potion of mutation
 m - a potion of might
 n - a potion of brilliance
 z - a potion of invisibility
 A - 5 potions of magic
 G - 2 potions of ambrosia
 L - 2 potions of cancellation
 Y - a potion of agility
Books
 j - a book of Battle

   Spells                             Type                      Level
   a - Infusion                       Charms                       1
   b - Shroud of Golubria             Charms/Translocation         2
   c - Song of Slaying                Charms                       2
   d - Spectral Weapon                Hexes/Charms                 3
   e - Regeneration                   Charms/Necromancy            3
 l - a book of Spatial Translocations

   Spells                             Type                      Level
   a - Apportation                    Translocation                1
   b - Blink                          Translocation                2
   c - Shroud of Golubria             Charms/Translocation         2
   d - Portal Projectile              Translocation                3
   e - Teleport Other                 Translocation                3
   f - Passage of Golubria            Translocation                4
 t - a book of Annihilations {highlevel}

   This book is beyond your current level of understanding.

   Spells                             Type                      Level
   a - Poison Arrow                   Conjuration/Poison           6
   b - Chain Lightning                Conjuration/Air              8
   c - Lehudib's Crystal Spear        Conjuration/Earth            8
   d - Glaciate                       Conjuration/Ice              9
   e - Fire Storm                     Conjuration/Fire             9
 M - an Akashic Record {highlevel}

   This book is beyond your current level of understanding.

   Spells                             Type                      Level
   a - Dispersal                      Translocation                6
   b - Controlled Blink               Translocation                7
   c - Malign Gateway                 Summoning/Translocation      7
   d - Disjunction                    Translocation                8
   e - Singularity                    Translocation                9
Comestibles
 e - 5 bread rations
 q - 6 meat rations


   Skills:
 - Level 3.2 Fighting
 * Level 17.8 Axes
 - Level 3.2 Armour
 + Level 12.1 Dodging
 + Level 18.0 Shields


You had 15 spell levels left.
You didn't know any spells.

Dungeon Overview and Level Annotations

Branches:
Dungeon (15/15)            Temple (1/1) D:5            Lair (8/8) D:11
 Shoals (0/4) Lair:6       Spider (0/4) Lair:5        Slime (0/6) Lair:7
    Orc (3/4) D:10         Vaults (0/5) D:14         Depths (0/5) D:15
    Elf: Orc:3-4

Altars:
Ashenzari
Cheibriados
Dithmenos
Gozag
Kikubaaqudgha
Makhleb
Nemelex Xobeh
Okawaru
Ru
Sif Muna
Xom
Yredelemnul
Zin
The Shining One
Beogh

Shops:
D:5 }   D:7 *   D:10 %   D:11 (   D:12 ?   D:15 (   Orc:1 !   Vaults:1 [
Vaults:2 [

Annotations:
D:14 Donald
Lair:7 exclusion: 2 oklob plants


Innate Abilities, Weirdness & Mutations

You are under a permanent stasis effect.
You can dig through walls and to a lower floor.
Your four strong arms can wield two-handed weapons with a shield.
You have a pair of large antennae on your head (SInv).
You can breathe flames.


Message History

Unknown command.
You are too injured to fight recklessly!
Unknown command.
You are too injured to fight recklessly!
Unknown command.
You are too injured to fight recklessly!
Unknown command.
Unknown command. [a] - 325 gold - resistance and flight [b] - 650 gold - curing, magic, flight, agility and invisibility [c] - 675 gold - resistance, flight, might and haste Purchase which effect?
You feel better. Magic courses through your body.
You feel very buoyant.
You fly up into the air.
You feel more agile all of a sudden.
You fade into invisibility!
You block the skeletal warrior's attack. x3
The skeletal warrior hits you from afar with a halberd!!
You die...
Your body crumbles into a pile of gold.

#. #{######.....
####.###.# ###.
#.....##z# # #.....#
#. ##.#### #.###(##
#...z..# ###z##.#
#######@##.#######
........zz.#........
$
........).)........
#######.##)######.#
#.##.# #.....
####.#. #.#.# #.# #


You could see 4 skeletal warriors.

Vanquished Creatures
  2 dire elephants (Lair:7)
  A minotaur (Lab)
  Snorg (Lair:6)
  A quicksilver dragon zombie (D:15)
  A fire dragon (Lair:8)
  6 hydras
  Fannar (Lair:3)
  3 centaur warriors
  An ogre mage (D:15)
  3 catoblepae
  A vampire mage (D:15)
  4 death yaks
  6 skeletal warriors
  An unseen horror (D:12)
  5 hill giants
  An orb spider (Lair:5)
  2 cyclopes (D:14)
  2 griffons
  A wolf spider zombie (D:15)
  7 ugly things
  22 elephants
  2 manticores (Lair:8)
  5 black mambas
  Joseph (D:10)
  2 gargoyles
  11 spiny frogs
  A spriggan zombie (D:15)
  8 fire drakes
  A guardian mummy (D:15)
  3 two-headed ogres
  4 trolls
  7 komodo dragons
  A freezing wraith (D:15)
  6 polar bears
  Grinder (D:5)
  A queen bee (D:9)
  39 blink frogs
  2 wyverns
  45 yaks
  3 deep elf magi
  3 shadows
  4 basilisks
  14 humans (D:14)
  A hungry ghost (D:9)
  Grum (D:11)
  A mottled dragon (D:14)
  5 hippogriffs
  3 soldier ants
  6 wargs
  6 wolves
  16 water moccasins
  Duvessa (D:5)
  5 porcupines
  4 swamp drakes (Lair:8)
  A wasp (D:8)
  4 sky beasts
  8 orc warriors
  An eye of draining (D:14)
  12 centaurs
  8 black bears
  6 ice beasts
  12 ogres
  3 necrophages
  A boring beetle (Lair:8)
  19 crocodiles
  2 phantoms
  A brain worm (Lair:6)
  25 giant frogs
  5 big kobolds
  A wyvern zombie (D:14)
  Dowan (D:5)
  4 scorpions
  38 killer bees
  8 electric eels
  4 wights (D:8)
  A jelly (D:10)
  2 quasits
  4 centaur skeletons
  14 orc priests
  9 crimson imps
  A giant frog zombie (D:10)
  11 hounds
  17 orc wizards
  2 giant frog skeletons
  6 worker ants
  13 iguanas
  8 sheep
  2 hound skeletons
  10 gnolls
  13 adders
  27 river rats
  3 shadow imps
  An ooze (D:1)
  An adder zombie (D:7)
  2 worms
  118 orcs
  2 ball pythons
  A bat skeleton (D:7)
  A bat zombie (D:5)
  4 giant cockroaches
  18 hobgoblins
  11 jackals
  38 kobolds
  16 bats
  A giant cockroach zombie (D:5)
  6 giant geckos
  A giant gecko skeleton (D:6)
  2 giant newts
  15 goblins
  2 quokkas
  A quokka skeleton (D:4)
  11 rats
  4 fungi
  9 plants
857 creatures vanquished.

Vanquished Creatures (others)
  A komodo dragon (Lair:8)
  An iguana (Lair:8)
  3 fungi
  3 plants
  9 toadstools (Lair:7)
17 creatures vanquished.

Grand Total: 874 creatures vanquished

Notes
Turn   | Place    | Note
--------------------------------------------------------------
     0 | D:1      | hornqvist, the Formicid Fighter, began the quest for the Orb.
     0 | D:1      | Reached XP level 1. HP: 18/18 MP: 1/1
    55 | D:1      | Reached XP level 2. HP: 22/24 MP: 2/2
   241 | D:1      | Reached XP level 3. HP: 27/29 MP: 3/3
   263 | D:1      | Reached skill level 4 in Shields
   623 | D:2      | Found a glowing golden altar of the Shining One.
   767 | D:2      | Reached skill level 1 in Dodging
   767 | D:2      | Reached XP level 4. HP: 35/35 MP: 4/4
  1939 | D:4      | Found a sacrificial altar of Ru.
  2028 | D:4      | Reached XP level 5. HP: 30/41 MP: 5/5
  2315 | D:4      | Reached skill level 5 in Shields
  2321 | D:4      | Noticed a necrophage
  2331 | D:4      | Noticed an ogre
  2332 | D:4      | Killed a necrophage
  2332 | D:4      | Reached XP level 6. HP: 41/47 MP: 6/6
  2340 | D:4      | Killed an ogre
  2340 | D:4      | Reached skill level 5 in Axes
  2475 | D:4      | Reached XP level 7. HP: 33/52 MP: 7/7
  3078 | D:5      | Entered Level 5 of the Dungeon
  3189 | D:5      | Reached skill level 6 in Shields
  3297 | D:5      | Noticed Duvessa
  3298 | D:5      | Noticed Dowan
  3321 | D:5      | Killed Duvessa
  3321 | D:5      | Reached XP level 8. HP: 58/58 MP: 8/8
  3325 | D:5      | Killed Dowan
  3399 | D:5      | Reached skill level 7 in Shields
  3488 | D:5      | Noticed Grinder
  3513 | D:5      | Found Ahifragg's Gadget Emporium.
  3530 | D:5      | HP: 1/58 [Grinder/nerve-wracking pain (10)]
  3531 | D:5      | Killed Grinder
  3531 | D:5      | Reached skill level 8 in Shields
  3531 | D:5      | Reached XP level 9. HP: 1/64 MP: 9/9
  3765 | D:5      | Found a staircase to the Ecumenical Temple.
  3824 | Temple   | Entered the Ecumenical Temple
  3976 | Temple   | Became a worshipper of Gozag Ym Sagoz the Greedy
  4369 | D:6      | Reached skill level 9 in Shields
  4471 | D:6      | Found a shimmering altar of Xom.
  4705 | D:7      | Reached skill level 5 in Dodging
  5097 | D:7      | Reached skill level 10 in Shields
  5097 | D:7      | Reached XP level 10. HP: 60/69 MP: 10/10
  5312 | D:7      | Found Liycwuss's Assorted Antiques.
  5432 | D:7      | Found a snail-covered altar of Cheibriados.
  6307 | D:8      | Reached skill level 11 in Shields
  6609 | D:8      | Reached skill level 10 in Axes
  6745 | D:8      | Got a faintly glowing morningstar
  6746 | D:8      | Identified the +9 morningstar of Turmoil {crush, rF+ Int+4} (You found it on level 8 of the Dungeon)
  7166 | D:9      | Found a burning altar of Makhleb.
  7370 | D:9      | Reached XP level 11. HP: 65/74 MP: 11/11
  7448 | D:9      | Got a pair of twisted gloves
  7461 | D:9      | Identified the +1 pair of gloves "Puhiyxze" {rElec rF+ Str+4} (You found it on level 9 of the Dungeon)
  7500 | D:9      | Reached skill level 12 in Shields
  8141 | D:10     | Entered Level 10 of the Dungeon
  8266 | D:10     | Found Siotoeva's Food Shop.
  8533 | D:10     | Found a staircase to the Orcish Mines.
  8594 | D:10     | Noticed Joseph
  8603 | D:10     | Killed Joseph
  8910 | Orc:1    | Entered Level 1 of the Orcish Mines
  9020 | Orc:1    | Found Seugas's Distillery.
  9027 | Orc:1    | Bought a potion of heal wounds for 65 gold pieces
  9060 | Orc:1    | Reached skill level 13 in Shields
  9298 | Orc:2    | Found a roughly hewn altar of Beogh.
  9864 | Orc:3    | Found a roughly hewn altar of Beogh.
  9873 | Orc:3    | Noticed an orc knight
  9891 | Orc:3    | HP: 3/74 [orc warrior/glaive[an orc knight] (19)]
 10483 | D:11     | Found Xozaum's Weapon Emporium.
 10483 | D:11     | Noticed a hill giant
 10493 | D:11     | Killed a hill giant
 10493 | D:11     | Reached XP level 12. HP: 55/81 MP: 12/12
 10751 | D:11     | Got a spiked chain mail
 10762 | D:11     | Identified the +5 chain mail "Desa" {rF+ rC+ Str+3} (You found it on level 11 of the Dungeon)
 10920 | D:11     | Found a staircase to the Lair.
 11055 | D:11     | Noticed Grum
 11074 | D:11     | Killed Grum
 11214 | D:12     | Found a huge runed gate.
 11214 | D:12     | Found a huge runed gate.
 11214 | D:12     | Found a huge runed gate.
 11214 | D:12     | Found a huge runed gate.
 11215 | D:12     | Noticed a death yak
 11534 | D:12     | Reached skill level 14 in Shields
 11630 | D:12     | Found Foxit's Magic Scroll Emporium.
 12165 | Lair:1   | Entered Level 1 of the Lair of Beasts
 12389 | Lair:1   | Reached XP level 13. HP: 72/86 MP: 13/13
 12664 | Lair:1   | Reached skill level 15 in Shields
 13172 | Lair:2   | Gained mutation: You can breathe flames. [potion of beneficial mutation]
 13516 | Lair:2   | Identified a scroll of acquirement
 14597 | Lair:3   | Noticed Fannar
 14613 | Lair:3   | Killed Fannar
 14743 | Lair:3   | Got a crude dire flail
 14745 | Lair:3   | Identified the +3 dire flail of Hyrr {speed, rC++ Int-5 Dex+4} (You found it on level 3 of the Lair of Beasts)
 15804 | Lair:4   | Reached XP level 14. HP: 93/93 MP: 14/14
 15805 | Lair:4   | Reached skill level 16 in Shields
 16401 | Lair:5   | Found an ancient bone altar of Kikubaaqudgha.
 16498 | Lair:5   | Found a hole to the Spider Nest.
 16570 | Lair:5   | Reached skill level 10 in Dodging
 17111 | Lair:6   | Reached skill level 15 in Axes
 17302 | Lair:6   | Noticed Snorg
 17309 | Lair:6   | Killed Snorg
 17633 | Lair:6   | Found a staircase to the Shoals.
 18003 | Lair:7   | Found a staircase to the Slime Pits.
 18079 | Lair:7   | Found a labyrinth entrance.
 18085 | Lab      | Entered a labyrinth
 19250 | Lair:7   | Reached XP level 15. HP: 91/98 MP: 15/15
 19432 | Lair:8   | Entered Level 8 of the Lair of Beasts
 19470 | Lair:8   | Reached skill level 17 in Shields
 20912 | Lair:7   | HP: 2/98 [dire elephant (30)]
 21556 | D:12     | Killed a death yak
 23169 | D:14     | Reached XP level 16. HP: 104/104 MP: 16/16
 23205 | D:14     | Found a gate to the Vaults.
 23205 | D:14     | Noticed Donald
 23726 | D:15     | Entered Level 15 of the Dungeon
 23769 | D:15     | Found Gamy's Antique Weapon Boutique.
 23809 | D:15     | Found a staircase to the Depths.
 23815 | D:15     | Reached skill level 18 in Shields
 23923 | D:15     | Slain by a skeletal warrior

Action                   |  1- 3 |  4- 6 |  7- 9 | 10-12 | 13-15 | 16-18 || total
-------------------------+-------+-------+-------+-------+-------+-------++-------
Melee: War axe           |   106 |   137 |    73 |       |       |       ||   316
       Hand axe          |       |       |   321 |   331 |       |       ||   652
       Morningstar       |       |       |       |   727 |   133 |       ||   860
       Executioner's axe |       |       |       |       |   777 |   153 ||   930
Invok: Call Merchant     |       |       |       |     3 |     2 |       ||     5
       Potion Petition   |       |       |       |       |     2 |     2 ||     4
 Abil: Dig               |       |       |       |     3 |     6 |       ||     9
  Use: Scroll            |       |     7 |       |    15 |    21 |       ||    43
       Potion            |       |       |     2 |     2 |     3 |       ||     7
 Stab: Distracted        |       |       |     2 |     7 |     8 |     4 ||    21
       Invisible         |       |       |       |       |     7 |       ||     7
  Eat: Chunk             |       |     5 |     7 |       |       |       ||    12
       Beef jerky        |       |       |     1 |     3 |     2 |       ||     6
       Pizza             |       |       |     1 |     1 |     1 |     1 ||     4
       Fruit             |       |       |       |     6 |    10 |       ||    16
       Royal jelly       |       |       |       |     8 |     1 |       ||     9
       Bread ration      |       |       |       |     1 |     5 |     1 ||     7
       Meat ration       |       |       |       |       |     1 |       ||     1
